 Dungeon Crawl Stone Soup version 0.29-a0-103-g37f86683bf (webtiles) character file.

Game seed: 2462378451965947048

1376 TheGamechu the Grappler (level 8, -6/70 HPs)
             Began as a Troll Hunter on Feb 15, 2022.
             Was an Initiate of Yredelemnul.
             Mangled by a blink frog (12 damage)
             ... on level 5 of the Abyss.
             The game lasted 00:20:35 (5125 turns).

TheGamechu the Grappler (Troll Hunter)              Turns: 5125, Time: 00:20:35

Health: -6/70      AC:  8    Str: 21      XL:     8   Next: 39%
Magic:  8/8        EV: 10    Int:  4 (6)  God:    Yredelemnul [......]
Gold:   918        SH:  0    Dex: 10 (12) Spells: 7/7 levels left

rFire   . . .      SeeInvis .     - Unarmed
rCold   . . .      Faith    .   (no shield)
rNeg    . . .      Spirit   .   b - +0 robe
rPois   +          Reflect  .   g - +2 hat
rElec   .          Harm     .   r - +1 cloak
rCorr   +          Rampage  .   (gloves unavailable)
Will    .....      Rage     3%  (boots unavailable)
Stlth   +.........              h - amulet "Lobastry" {RegenMP rCorr Int+3}
HPRegen 1.01/turn               l - ring of poison resistance
MPRegen 0.51/turn               (no ring)

@: mesmerised, hasted, studying Dodging, very quick
A: large, unfitting armour, claws 3, regeneration 1, shaggy fur 1, tough skin 1,
[berserk 2], [deterioration 2], [dopey 2]
a: Renounce Religion, Recall Undead Harvest


You were on level 5 of the Abyss.
You worshipped Yredelemnul.
Yredelemnul was noncommittal.
You visited 1 branch of the dungeon, and saw 5 of its levels.
You visited the Abyss 1 time.

You collected 918 gold pieces.

Inventory:

Missiles
 c - 5 large rocks (quivered)
 d - 4 throwing nets
 f - 196 stones
 i - 4 poisoned darts
 t - 2 boomerangs
Armour
 b - a +0 robe (worn)
 g - a +2 hat (worn)
 r - a +1 cloak (worn)
Jewellery
 h - the amulet "Lobastry" (around neck) {RegenMP rCorr Int+3}
   (You found it on level 3 of the Dungeon)

   [amulet of magic regeneration]

   It increases your rate of magic regeneration.
   Int:       It affects your intelligence (+3).
   rCorr:     It protects you from acid and corrosion.
 l - a ring of poison resistance (left claw)
Scrolls
 m - 2 scrolls of amnesia
 n - a scroll of noise
 s - 3 scrolls of identify
Potions
 a - a potion of cancellation
 e - a potion of curing
 j - a potion of haste
 k - 2 potions of ambrosia {unknown}
 o - 2 potions of brilliance {unknown}
 q - a potion of magic {unknown}
 v - a potion of flight {unknown}


   Skills:
 - Level 1.5 Fighting
 + Level 4.2 Throwing
 + Level 3.3 Dodging
 - Level 0.3 Stealth
 + Level 9.3 Unarmed Combat
 + Level 2.0 Invocations


You had 7 spell levels left.
You didn't know any spells.
Your spell library contained the following spells:

 Spells                   Type           Power      Damage    Failure   Level
 Summon Small Mammal      Summ           0%         N/A       50%         1
 Static Discharge         Conj/Air       0%         N/A       65%         2
 Call Canine Familiar     Summ           0%         N/A       86%         3
 Summon Guardian Golem    Hex/Summ       0%         N/A       86%         3
 Lightning Bolt           Conj/Air       0%         1d11      100%        5
 Maxwell's Capacitive Co  Air            0%         ∞         100%        8


Dungeon Overview and Level Annotations

Branches:
Dungeon (5/15)             Temple (0/1) D:5

Altars:
Elyvilon
Fedhas
Qazlal
Trog
Wu Jian
Yredelemnul
The Shining One

Portals:
Abyss: D:5

Annotations:
D:5 1 transporter, drugrobin's ghost, amateur DgWr


Innate Abilities, Weirdness & Mutations

You are too large for most types of armour.
You have claws for hands.
Your natural rate of healing is unusually fast.
You are covered in fur. (AC +1)
You have tough skin. (AC +1)
[You often lose your temper in combat.]
[Your body often deteriorates upon taking damage.]
[You are very dopey. (Int -4)]


Message History

A mad acolyte of Lugonu comes into view.
It is wielding a +0 quarterstaff of distortion.
Found a corrupted altar of Lugonu.
The mad acolyte of Lugonu shouts!
The blink frog closely misses you. The blink frog hits you!
Your body deteriorates!
You feel dopey. The blink frog barely misses you.
The blink frog blinks!
The mad acolyte of Lugonu gestures wildly while chanting.
The mad acolyte of Lugonu blinks!
The blink frog hits you!
The blink frog hits you but does no damage.
A merfolk avatar comes into view.
The blink frog closely misses you. The blink frog hits you.
* * * LOW HITPOINT WARNING * * *
The blink frog barely misses you.
The merfolk avatar chants a haunting song.
You are mesmerised by the merfolk avatar!
The blink frog misses you.
You feel better.
The blink frog hits you but does no damage. x2
The blink frog blinks!
The merfolk avatar chants its luring song.
You feel yourself speed up. The blink frog hits you!
* * * LOW HITPOINT WARNING * * *
The blink frog hits you but does no damage.
The blink frog blinks!
The blink frog closely misses you.
The merfolk avatar chants its luring song.
The blink frog blinks!
The blink frog hits you!
* * * LOW HITPOINT WARNING * * *
Your body deteriorates!
You feel clumsy. Why would you want to do that?
You miss the blink frog.
The blink frog blinks!
The merfolk avatar chants its luring song.
The blink frog closely misses you.
Okay, then.
A mad acolyte of Lugonu comes into view.
It is wielding a +1 quarterstaff of distortion.
The thrashing horror roars!
The mad acolyte of Lugonu shouts!
The mad acolyte of Lugonu closely misses you.
A tentacled starspawn opens the door.
The blink frog hits you!
You die...
Your body rises from the dead as a mindless zombie.

## ..##.# ####
........W.X. # ###..
.####.# #.## ##
'#######+ ####.#
.####R.#≈#..#
#............#XW..F..#
..###.###R##.##F#≈#.##
## .##.. #
.###≈.≈m≈.≈# . .
....33...##@≈≈≈.## ..
....... # #pF...# #R.
.3##.. .#≈F....≈# # ..
#..##..#.##.._..##
.............
#≈.....≈# . .... ###
##.....## #..# ..##
##≈'###+≈
#..##..###### ##X#X##p
. 3 . . .#


You could see a tentacled starspawn, a merfolk avatar (mesmerising), a rakshasa,
a thrashing horror, a large abomination, a freezing wraith, 2 mad acolytes of
Lugonu and 4 blink frogs.

Vanquished Creatures
  Sigmund (D:4)
  A water moccasin (D:5)
  2 black bears (D:5)
  An ogre (D:5)
  2 necrophages (D:5)
  A scorpion (D:5)
  A jelly (Abyss:1)
  Crazy Yiuf (D:4)
  3 hounds
  4 orc priests
  2 iron imps (Abyss:1)
  An iguana (D:4)
  An orc wizard (D:4)
  Natasha (thrice) (D:2)
  2 hound zombies
  A hound skeleton (D:5)
  A howler monkey skeleton (D:4)
  6 adders
  5 gnolls
  A shadow imp (D:5)
  A white imp (Abyss:1)
  2 worms
  A dart slug (D:4)
  22 orcs
  3 bats
  5 endoplasms
  3 giant cockroaches
  5 goblins
  3 hobgoblins
  5 jackals
  5 kobolds
  6 quokkas
  6 ball pythons
  5 frilled lizards
  10 rats
  A spectral orc (D:3)
123 creatures vanquished.

Vanquished Creatures (others)
  A black bear zombie (D:5)
  An ogre zombie (D:5)
  A spectral jelly (Abyss:1)
  An adder zombie (D:5)
  11 orc zombies
  A spectral iron imp (Abyss:1)
  2 goblin zombies (D:4)
  A quokka zombie (D:5)
  A spectral endoplasm (D:4)
  A fungus (D:4)
  12 plants (D:3)
  3 starspawn tentacles (Abyss:5)
36 creatures vanquished.

Grand Total: 159 creatures vanquished

Notes
Turn   | Place    | Note
-------+----------+-------------------------------------------
     0 | D:1      | TheGamechu the Troll Hunter began the quest for the Orb.
     0 | D:1      | Reached XP level 1. HP: 19/19 MP: 0/0
   119 | D:1      | Reached skill level 1 in Unarmed Combat
   189 | D:1      | Reached XP level 2. HP: 27/27 MP: 1/1
   319 | D:1      | Reached skill level 2 in Unarmed Combat
  1040 | D:2      | Noticed Natasha
  1045 | D:2      | Noticed a crimson imp
  1048 | D:2      | Noticed a crimson imp
  1053 | D:2      | Noticed a crimson imp
  1064 | D:2      | Killed Natasha
  1065 | D:2      | Reached skill level 3 in Unarmed Combat
  1065 | D:2      | Reached XP level 3. HP: 15/33 MP: 2/2
  1070 | D:2      | Identified a scroll of acquirement
  1070 | D:2      | Acquired a manual of Dodging
  1114 | D:2      | Reached XP level 4. HP: 38/41 MP: 3/3
  1117 | D:2      | Reached skill level 4 in Unarmed Combat
  1161 | D:2      | Acquired 723 gold pieces
  1366 | D:2      | Noticed Natasha
  1373 | D:2      | Killed Natasha
  1374 | D:2      | Reached XP level 5. HP: 39/48 MP: 4/4
  1542 | D:2      | Noticed Natasha
  1553 | D:2      | Killed Natasha
  1554 | D:2      | Reached skill level 5 in Unarmed Combat
  1735 | D:3      | Found a faded altar of an unknown god.
  1905 | D:3      | Found an ornate altar of the Wu Jian Council.
  1953 | D:3      | Identified the amulet "Lobastry" {RegenMP rCorr Int+3}
  2001 | D:3      | Found a white marble altar of Elyvilon.
  2141 | D:3      | Found a basalt altar of Yredelemnul.
  2148 | D:3      | Became a worshipper of Yredelemnul the Dark
  2234 | D:3      | Found a blossoming altar of Fedhas.
  2550 | D:4      | Reached * piety under Yredelemnul
  2551 | D:4      | Reached XP level 6. HP: 32/55 MP: 5/5
  2656 | D:4      | Reached skill level 6 in Unarmed Combat
  2766 | D:4      | Reached ** piety under Yredelemnul
  2853 | D:4      | Noticed Sigmund
  2881 | D:4      | Killed Sigmund
  2882 | D:4      | Reached skill level 7 in Unarmed Combat
  3032 | D:4      | Found a runed translucent door.
  3033 | D:4      | Noticed Crazy Yiuf
  3512 | D:4      | Killed Crazy Yiuf
  3513 | D:4      | Reached XP level 7. HP: 32/62 MP: 1/6
  3564 | D:5      | Entered Level 5 of the Dungeon
  3774 | D:5      | Found a transporter.
  3780 | D:5      | Reached skill level 8 in Unarmed Combat
  3867 | D:5      | Reached skill level 9 in Unarmed Combat
  3873 | D:5      | Reached *** piety under Yredelemnul
  3874 | D:5      | Noticed a small abomination
  3891 | D:5      | Found a transporter.
  3893 | D:5      | Found a one-way gate to the infinite horrors of the Abyss.
  3894 | D:5      | Noticed drugrobin's ghost (amateur DgWr)
  3989 | D:5      | Found a bloodstained altar of Trog.
  4005 | D:5      | Reached skill level 1 in Invocations
  4005 | D:5      | Reached XP level 8. HP: 52/70 MP: 7/7
  4100 | D:5      | Found a staircase to the Ecumenical Temple.
  4238 | D:5      | Found a stormy altar of Qazlal.
  4425 | D:5      | Found a glowing golden altar of the Shining One.
  4585 | D:5      | Cast into level 1 of the Abyss (kobold)
  4748 | Abyss:1  | Noticed a wretched star
  4776 | Abyss:1  | Noticed an apocalypse crab
  4783 | Abyss:1  | Noticed an ancient zyme
  4783 | Abyss:1  | Noticed a large abomination
  4808 | Abyss:1  | Noticed a glowing orange brain
  4821 | Abyss:1  | Noticed an orange demon
  4838 | Abyss:1  | Noticed a smoke demon
  4847 | Abyss:1  | Noticed a freezing wraith
  4866 | Abyss:1  | Noticed a glowing orange brain
  4929 | Abyss:1  | Noticed a starcursed mass
  4938 | Abyss:1  | Noticed a raiju
  4938 | Abyss:1  | Noticed a raiju
  4939 | Abyss:1  | Noticed a raiju
  4940 | Abyss:1  | Noticed a raiju
  4955 | Abyss:2  | Found a corrupted altar of Lugonu.
  4995 | Abyss:4  | Noticed an ancient zyme
  5019 | Abyss:4  | Noticed an apocalypse crab
  5043 | Abyss:5  | Entered Level 5 of the Abyss
  5069 | Abyss:5  | Noticed a tentacled starspawn
  5073 | Abyss:5  | Noticed a raiju
  5073 | Abyss:5  | Noticed a raiju
  5073 | Abyss:5  | Noticed a raiju
  5078 | Abyss:5  | Noticed a raiju
  5079 | Abyss:5  | Noticed a raiju
  5080 | Abyss:5  | Noticed a raiju
  5096 | Abyss:5  | Noticed a rakshasa
  5108 | Abyss:5  | Noticed a large abomination
  5109 | Abyss:5  | Noticed a freezing wraith
  5117 | Abyss:5  | Noticed a blink frog
  5117 | Abyss:5  | Noticed a blink frog
  5117 | Abyss:5  | Noticed a blink frog
  5117 | Abyss:5  | Noticed a blink frog
  5118 | Abyss:5  | Found a corrupted altar of Lugonu.
  5118 | Abyss:5  | Noticed a mad acolyte of Lugonu
  5120 | Abyss:5  | Noticed a merfolk avatar
  5125 | Abyss:5  | Noticed a tentacled starspawn
  5125 | Abyss:5  | Noticed a thrashing horror
  5125 | Abyss:5  | Noticed a mad acolyte of Lugonu
  5125 | Abyss:5  | Mangled by a blink frog

Illustrated notes

Levels and vault maps discovered:
D:1:      onia_arrival_mini_maze, layout_basic
D:2:      layout_basic, hangedman_decor_slide_cut, uniq_natasha
D:3:      cheibrodos_helix_gallery, layout_loops_ring,
          yredelemnul_forgotten_temple_becter, nicolae_elyvilon_temple_path,
          pdpol_wu_jian_five_deadly_venoms, mainiacjoe_overflow_paths,
          shapermc_ecumenical_altar_acropolis, minmay_misc_feat_more_columns
D:4:      layout_loops_ring, hangedman_decor_opposing, uniq_crazy_yiuf_cottage,
          uniq_sigmund
D:5:      layout_basic, overflow_temple_1_default, kennysheep_mini,
          general_overflow_altar, minmay_temple_entry_butterflies,
          gammafunk_ghost_abyssal_escape, cheibrodos_gnoll_hut
Abyss:5:  base: D:2, abyss_exit_lava, evilmike_abyss_rune_siren_acolytes,
          evilmike_abyss_exit_5, hangedman_abyss_or_decor_stagger,
          hangedman_abyss_monster_moat, lemuel_flamethrower_2,
          evilmike_abyss_rune_siren_acolytes,
          evilmike_abyss_rune_siren_acolytes, evilmike_abyss_exit_7

Skill      XL: |  1  2  3  4  5  6  7  8 |
---------------+-------------------------+-----
Unarmed Combat | 1 3 4 5 7 9 |  9.3
Dodging        | 2 3 |  3.3
Invocations    | 1 2 |  2.0
Throwing       | 4 |  4.2
Fighting       | |  1.5
Stealth        | |  0.3

Action                   |  1- 3 |  4- 6 |  7- 9 || total
-------------------------+-------+-------+-------++-------
Melee: Unarmed           |    81 |   174 |    92 ||   347
       Punch             |     1 |     5 |     4 ||    10
Throw: Large rock        |     2 |     1 |       ||     3
Invok: Dark Bargain      |       |     2 |       ||     2
  Use: Potion            |     1 |       |     2 ||     3
       Scroll            |     6 |     5 |     5 ||    16
 Stab: Sleeping          |     1 |     2 |       ||     3
       Distracted        |       |       |     1 ||     1
Armor: Robe              |    22 |    47 |    34 ||   103
Dodge: Dodged            |    42 |    67 |    40 ||   149

Table legend: (Time is in decaauts)
 A = Elapsed time spent in this place.
 B = Non-inter-level travel time spent in this place.
 C = Inter-level travel time spent in this place.
 D = Time resting spent in this place.
 E = Time spent auto-exploring this place.
 F = Levels seen in this place.
 G = Mean time per level.
                   A        B        C        D        E       F      G
               +--------+--------+--------+--------+--------+-----+--------+
         Total |   5107 |   4824 |    283 |    100 |   3522 |  10 |  510.7 |
       Dungeon |   4575 |   4292 |    283 |    100 |   3348 |   5 |  915.0 |
         Abyss |    532 |    532 |      0 |      0 |    174 |   5 |  106.4 |
               +--------+--------+--------+--------+--------+-----+--------+

Top non-repeatable levels by time:
     D:4: 1077 daAuts
     D:5: 1007 daAuts
     D:3: 903 daAuts
     D:1: 865 daAuts
     D:2: 721 daAuts
 Abyss:1: 358 daAuts
 Abyss:5: 80 daAuts
 Abyss:4: 61 daAuts
 Abyss:3: 16 daAuts
 Abyss:2: 15 daAuts
